 Dungeon Crawl Stone Soup version 0.27-a0-978-g2aa4ecdaef (webtiles) character file.

Game seed: 14094288214095364577

42 spiderkeys the Insei (level 3, -4/24 HPs)
             Began as an Octopode Transmuter on Apr 15, 2021.
             Slain by a sky beast (5 damage)
             ... on level 2 of the Dungeon.
             The game lasted 00:01:17 (1143 turns).

spiderkeys the Insei (Octopode Transmuter)          Turns: 1143, Time: 00:01:18

Health: -4/24      AC:  1    Str: 10    XL:     3   Next: 56%
Magic:  6/6        EV: 13    Int: 15    God:
Gold:   41         SH:  0    Dex: 12    Spells: 5/6 levels left

rFire    . . .     SeeInvis .     - Unarmed
rCold    . . .     Faith    .   (no shield)
rNeg     . . .     Spirit   .   (helmet restricted)
rPois    .         Reflect  .   (no amulet)
rElec    .         Harm     .   (no ring)
rCorr    .         Rampage  .   (no ring)
Will     .....                  (no ring)
Stlth    ++........             (no ring)
HPRegen  0.08/turn              (no ring)
MPRegen  0.10/turn              (no ring)
                                (no ring)
                                (no ring)

@: no status effects
A: almost no armour, amphibious, 8 rings, camouflage 1, gelatinous body 1,
(nimble swimmer 1), tentacles
a: no special abilities


You were on level 2 of the Dungeon.
You visited 1 branch of the dungeon, and saw 2 of its levels.

You collected 41 gold pieces.

Inventory:

Scrolls
 a - a scroll of identify {unknown}
Potions
 b - a potion of degeneration {unknown}


   Skills:
 + Level 1.8 Fighting
 + Level 2.5 Dodging
 + Level 3.3 Unarmed Combat
 - Level 2.0 Spellcasting
 + Level 2.5 Transmutations


You had 5 spell levels left.
You knew the following spells:

 Your Spells              Type           Power      Damage    Failure   Level
a - Beastly Appendage     Tmut           18%        N/A       8%          1

Your spell library contained the following spells:

 Spells                   Type           Power      Damage    Failure   Level
 Wereblood                Tmut           9%         N/A       12%         2
 Spider Form              Tmut/Pois      2%         N/A       36%         3
 Ice Form                 Ice/Tmut       5%         N/A       78%         4
 Hydra Form               Tmut           4%         N/A       91%         5


Dungeon Overview and Level Annotations

Branches:
Dungeon (2/15)

Altars:


Innate Abilities, Weirdness & Mutations

You cannot wear most types of armour.
You are amphibious.
You can wear up to eight rings at the same time.
Your skin changes colour to match your surroundings (Stealth+).
Your rubbery body absorbs attacks. (AC +1, EV +1)
((You are camouflaged near water. (Stealth+)))
You have tentacles for arms and can constrict up to eight enemies at once.


Message History

The kobold shouts! x2; You hear an angry hiss.
The kobold barely misses you.
You tentacle-slap the kobold. Your grab misses the kobold.
The kobold is severely wounded.
The kobold barely misses you.
You tentacle-slap the kobold.
You kill the kobold!
You closely miss the kobold. You grab the kobold.
You constrict the kobold, but do no damage.
A hobgoblin comes into view.
The kobold closely misses you.
The hobgoblin shouts!
You tentacle-slap the kobold but do no damage.
You constrict the kobold. The kobold barely misses you.
You tentacle-slap the kobold.
You kill the kobold!
A hobgoblin comes into view.
The ball python bites you. The ball python grabs you.
The ball python constricts you.
A sky beast comes into view.
You barely miss the ball python.
The hobgoblin shouts!
Your grab misses the ball python.
The hobgoblin throws a stone.
The stone hits you. The ball python bites you. The ball python constricts you.
You tentacle-slap the ball python.
You kill the ball python!
The sky beast flickers out of sight!
Deactivating autopickup; reactivate with Ctrl-A.
Your magical contamination has completely faded away.
Something hits you. Something shocks you.
* * * LOW HITPOINT WARNING * * *
Things that are here:
a +0 short sword; a +0 whip; a kobold corpse You are too injured to fight recklessly!
The hobgoblin closely misses you.
A sky beast appears from thin air!
Reactivating autopickup.
The sky beast hits you.
* * * LOW HITPOINT WARNING * * *
The sky beast shocks you.
You die...

#....................
#######.###.#.##.#$#
...........#
###.##.#†...#
#..#.#..$.#
#.#S#.[..# ###
.#.#..(.# ..#
.#.#.##)# #.# #..Y@#
#.# ####g# #.# .g.
#.# ##.## #.# #.# #.#
#.# #.# ... #.# ..#
..#


You could see a sky beast and 2 hobgoblins.

Vanquished Creatures
  An adder (D:2)
  6 endoplasms
  6 hobgoblins
  4 kobolds
  9 ball pythons
  A bat (D:1)
  2 frilled lizards (D:1)
29 creatures vanquished.

Notes
Turn   | Place    | Note
-------+----------+-------------------------------------------
     0 | D:1      | spiderkeys the Octopode Transmuter began the quest for the
                  | Orb.
     0 | D:1      | Reached XP level 1. HP: 13/13 MP: 3/3
     2 | D:1      | Noticed a palentonga
     2 | D:1      | Noticed a spriggan
     4 | D:1      | Noticed a demigod
     4 | D:1      | Noticed a vampire
     6 | D:1      | Noticed an octopode
     6 | D:1      | Noticed a merfolk
     8 | D:1      | Noticed a formicid
    10 | D:1      | Noticed an ogre
    12 | D:1      | Noticed a naga
    12 | D:1      | Noticed a felid
    14 | D:1      | Noticed a minotaur
    14 | D:1      | Noticed a human
    16 | D:1      | Noticed a tengu
    16 | D:1      | Noticed a draconian
    18 | D:1      | Noticed a gargoyle
    18 | D:1      | Noticed a barachi
    20 | D:1      | Noticed a troll
    20 | D:1      | Noticed an elf
    22 | D:1      | Noticed a vine stalker
    24 | D:1      | Noticed a ghoul
    24 | D:1      | Noticed a centaur
    26 | D:1      | Noticed a dwarf
    26 | D:1      | Noticed a demonspawn
   222 | D:1      | Reached XP level 2. HP: 16/18 MP: 1/5
   391 | D:1      | Found a faded altar of an unknown god.
  1050 | D:2      | Reached XP level 3. HP: 24/24 MP: 4/6
  1139 | D:2      | Noticed a sky beast
  1143 | D:2      | HP: 1/24 [sky beast (4)]
  1143 | D:2      | Slain by a sky beast

Illustrated notes

Levels and vault maps discovered:
D:1:      kb_arrival_jail, layout_basic,
          hellmonk_ecumenical_altar_leap_of_faith, minmay_domino_4
D:2:      layout_basic

Action                   || total
-------------------------++-------
Melee: Unarmed           ||    63
       Constrict         ||    12
       Kick              ||     8
       Tentacles         ||    10
 Cast: Beastly Appendage ||    18
  Use: Scroll            ||     3
 Stab: Sleeping          ||     5
Dodge: Dodged            ||    48

Table legend: (Time is in decaauts)
 A = Elapsed time spent in this place.
 B = Non-inter-level travel time spent in this place.
 C = Inter-level travel time spent in this place.
 D = Time resting spent in this place.
 E = Time spent auto-exploring this place.
 F = Levels seen in this place.
 G = Mean time per level.
                   A        B        C        D        E       F      G
               +--------+--------+--------+--------+--------+-----+--------+
         Total |   1138 |   1094 |     44 |      0 |    906 |   2 |  569.0 |
       Dungeon |   1138 |   1094 |     44 |      0 |    906 |   2 |  569.0 |
               +--------+--------+--------+--------+--------+-----+--------+

Top non-repeatable levels by time:
     D:1: 933 daAuts
     D:2: 205 daAuts
